 Dungeon Sprint DCSS version 0.22.0-21-g8bd1b0a (webtiles) character file.

900000 poirepourri the Wrestler (level 15, -48/147 HPs)
             Began as a Ghoul Gladiator on Aug 19, 2018.
             Was a Follower of Makhleb.
             Annihilated by a meat berserker
             ... wielding a +9 battleaxe
              (67 damage)
             ... in the Dungeon (Sprint VIII: "Arena of Blood").
             The game lasted 00:00:10 (9 turns).

poirepourri the Wrestler (Ghoul Gladiator)             Turns: 9, Time: 00:00:11

Health: -48/147    AC:  4    Str: 20    XL:     15   Next: 66%
Magic:  14/14      EV: 29    Int:  3    God:    Makhleb [*.....]
Gold:   0          SH:  0    Dex: 15    Spells: 14/14 levels left

rFire    . . .     SeeInvis .   k - +∞ Axe of Woe
rCold    + . .     Gourm    .   (shield currently unavailable)
rNeg     + + +     Faith    .   a - +0 leather armour
rPois    ∞         Spirit   .   b - +0 helmet
rElec    .         Reflect  .   (no cloak)
rCorr    .         Harm     .   (no gloves)
MR       +....     NoTele   +   (no boots)
Stlth    +.........             (no amulet)
HPRegen  0.00/turn              (no ring)
MPRegen  0.14/turn              (no ring)

@: rotting
A: rotting body, claws 1, carnivore, cold resistance 1, negative energy
resistance 3, inhibited regeneration, torment resistance, unbreathing
a: Renounce Religion


You were in the Dungeon.
You worshipped Makhleb.
Makhleb was aware of your devotion.
You were not hungry.

You visited 1 branch

Inventory:

Hand Weapons
 k - the +∞ Axe of Woe (weapon)
   (You found it in the Dungeon)
Missiles
 c - 3 throwing nets (quivered)
Armour
 a - a +0 leather armour (worn)
 b - a +0 helmet (worn)
Scrolls
 j - a scroll of blinking
Potions
 e - a potion of curing
 f - a potion of heal wounds
 g - a potion of haste
 h - 2 potions of magic
 i - a potion of berserk rage
Comestibles
 d - a ration


   Skills:
 + Level 17.5 Fighting
 + Level 6.7 Axes
 + Level 14.0 Throwing
 + Level 23.1 Dodging
 + Level 26.5 Unarmed Combat


You had 14 spell levels left.
You didn't know any spells.
Your spell library was empty.

Dungeon Overview and Level Annotations

Branches:
Dungeon (1/1)

Altars:
Makhleb


Innate Abilities, Weirdness & Mutations

Your body is rotting away.
You thrive on raw meat.
You are immune to poison.
You have sharp fingernails.
You are carnivorous and can eat meat at any time.
Your flesh is cold resistant. (rC+)
You are immune to negative energy. (rN+++)
You do not regenerate when monsters are visible.
You are immune to unholy pain and torment.
You can survive without breathing.


Message History

Your Unarmed Combat skill gained 3 levels and is now at level 24!
You have reached level 14!
You slice the meat berserker!!
You slaughter the meat berserker joyfully.
You kill the meat berserker!
Makhleb accepts your kill.
Your Fighting skill gained 2 levels and is now at level 17!
Your Axes skill increases to level 6!
Your Throwing skill gained 2 levels and is now at level 14!
Your Dodging skill gained 2 levels and is now at level 23!
Your Unarmed Combat skill gained 2 levels and is now at level 26!
You have reached level 15!
Your experience leads to an increase in your attributes!
Increase (S)trength, (I)ntelligence, or (D)exterity?
You feel agile.
You feel stronger.
You hear a shout! x3
The meat berserker rages.
You hear a shout! x8
The meat berserker hits you with a +9 battleaxe!!!
You die...

..... .. #...
.# . #... ..#
..###... ..###.
......###......
....._......
#)....# #@Oo._#
#O....#
....._......
......###......
..###... ..###.
. #.O. ..# #o..
.# o.... ..


You could see 3 meat berserkers and 3 bags of meat.

Vanquished Creatures
  3 ogres (D)
3 creatures vanquished.

Notes
Turn   | Place    | Note
-------+----------+-------------------------------------------
     0 | D        | Found the +∞ Axe of Woe
     0 | D        | poirepourri the Ghoul Gladiator began the quest for the Orb.
     0 | D        | Reached XP level 1. HP: 17/17 MP: 0/0
     4 | D        | Became a worshipper of Makhleb the Destroyer
     4 | D        | Noticed a bag of meat
     5 | D        | Noticed a bag of meat
     6 | D        | Noticed a meat berserker
     6 | D        | Noticed a meat berserker
     6 | D        | Noticed a meat berserker
     8 | D        | Killed a meat berserker
     8 | D        | Reached skill level 21 in Unarmed Combat
     8 | D        | Reached XP level 2. HP: 5/45 MP: 1/1
     8 | D        | Reached XP level 3. HP: 6/51 MP: 2/2
     8 | D        | Reached XP level 4. HP: 7/59 MP: 3/3
     8 | D        | Reached XP level 5. HP: 8/66 MP: 4/4
     8 | D        | Reached XP level 6. HP: 9/73 MP: 5/5
     8 | D        | Reached XP level 7. HP: 10/80 MP: 6/6
     8 | D        | Reached XP level 8. HP: 11/88 MP: 7/7
     8 | D        | Reached XP level 9. HP: 12/94 MP: 8/8
     8 | D        | Reached XP level 10. HP: 13/102 MP: 9/9
     8 | D        | Reached XP level 11. HP: 14/108 MP: 10/10
     8 | D        | Reached XP level 12. HP: 15/116 MP: 11/11
     8 | D        | Reached XP level 13. HP: 16/123 MP: 12/12
     8 | D        | Noticed a meat berserker
     8 | D        | Noticed a meat berserker
     8 | D        | Noticed a bag of meat
     8 | D        | Noticed a meat berserker
     9 | D        | Killed a meat berserker
     9 | D        | Reached * piety under Makhleb
     9 | D        | Reached skill level 15 in Fighting
     9 | D        | Reached skill level 5 in Axes
     9 | D        | Reached skill level 24 in Unarmed Combat
     9 | D        | Reached XP level 14. HP: 17/136 MP: 13/13
     9 | D        | Killed a meat berserker
     9 | D        | Reached skill level 26 in Unarmed Combat
     9 | D        | Reached XP level 15. HP: 19/147 MP: 14/14
     9 | D        | Annihilated by a meat berserker

Skill      XL: |  1  2  3  4  5  6  7  8  9 10 11 12 13 14 |
---------------+-------------------------------------------+-----
Fighting       | 13 15 17 | 17.5
Axes           | 4 5 6 |  6.7
Throwing       | 11 12 14 | 14.0
Dodging        | 18 21 23 | 23.1
Unarmed Combat | 21 24 26 | 26.5

Action                   |  1- 3 |  4- 6 |  7- 9 | 10-12 | 13-15 || total
-------------------------+-------+-------+-------+-------+-------++-------
Melee: Executioner's axe |     1 |       |       |       |     1 ||     2
